 Seeded DCSS version 0.27-a0-592-g0306a34022 (webtiles) character file.

Game seed: 16989952797484863983 (custom seed)

109 karrick the Cudgeller (level 4, 0/27 HPs)
             Began as a Gargoyle Gladiator on Mar 10, 2021.
             Slain by a crimson imp (4 damage)
             ... summoned by Natasha
             ... on level 2 of the Dungeon.
             The game lasted 00:02:22 (1812 turns).

karrick the Cudgeller (Gargoyle Gladiator)          Turns: 1812, Time: 00:02:23

Health: 0/27       AC:  0    Str: 18    XL:     4   Next: 90%
Magic:  4/4        EV: 20    Int:  9    God:
Gold:   61         SH:  0    Dex: 16    Spells: 3/3 levels left

rFire    . . .     SeeInvis .   (weapon currently unavailable)
rCold    . . .     Faith    .   (shield currently unavailable)
rNeg     + . .     Spirit   .   (armour currently unavailable)
rPois    ∞         Reflect  .   (helmet currently unavailable)
rElec    .         Harm     .   (cloak currently unavailable)
rCorr    .         Rampage  .   (gloves currently unavailable)
Will     .....                  (boots currently unavailable)
Stlth    ++........             (no amulet)
HPRegen  0.09/turn              (ring currently unavailable)
MPRegen  0.09/turn              (ring currently unavailable)

@: bat-form, flying, very quick
A: tiny, negative energy resistance 1, torment resistance 1, petrification
resistance, AC +3
a: Stop Flying


You were on level 2 of the Dungeon.
You were in bat-form.
You visited 1 branch of the dungeon, and saw 2 of its levels.

You collected 61 gold pieces.

Inventory:

Hand Weapons
 a - a +0 flail (melded)
Missiles
 d - 3 throwing nets (quivered)
Armour
 b - a +0 leather armour (melded)
 c - a +0 helmet
 f - a +0 cloak (melded)
 g - a +1 helmet (melded)
Scrolls
 e - 2 scrolls of enchant weapon {unknown}
 h - a scroll of fog {unknown}
 i - 2 scrolls of identify {unknown}


   Skills:
 + Level 2.9 Fighting
 + Level 4.1 Maces & Flails
 + Level 1.8 Throwing
 * Level 1.8 Armour
 + Level 2.9 Dodging
 + Level 0.2 Stealth


You had 3 spell levels left.
You didn't know any spells.
Your spell library was empty.

Dungeon Overview and Level Annotations

Branches:
Dungeon (2/15)

Altars:
Nemelex Xobeh

Annotations:
D:2 Natasha


Innate Abilities, Weirdness & Mutations

((Your stone body is resilient. (AC +3)))
You are immune to poison.
You resist negative energy. (rN+)
((You are resistant to electric shocks. (rElec)))
You are resistant to unholy torment.
((You can survive without breathing.))
You are immune to petrification.


Message History

The crimson imp hits you but does no damage.
The iron imp hits you but does no damage.
Natasha howls an incantation.
You feel disoriented. Natasha closely misses you.
The crimson imp completely misses you.
You barely miss Natasha. Natasha barely misses you. The iron imp misses you.
The crimson imp barely misses you.
You hit Natasha.
Natasha is moderately wounded.
The crimson imp disappears in a puff of smoke!
Natasha casts a spell.
The iron imp closely misses you. Natasha claws you.
You closely miss Natasha.
Natasha is moderately wounded.
The iron imp barely misses you.
The crimson imp hits you but does no damage.
Natasha barely misses you.
You sock Natasha!
Natasha is almost dead.
The iron imp closely misses you. Natasha casts a spell at you.
The magic dart hits you. The crimson imp closely misses you.
You barely miss Natasha.
Natasha is almost dead.
The iron imp hits you.
Natasha zaps a wand.
You turn into a bat.
Your +0 flail melds into your body.
Your +0 cloak melds into your body.
Your +1 helmet melds into your body.
Your +0 leather armour melds into your body.
The crimson imp closely misses you.
You barely miss Natasha.
Natasha is almost dead.
Natasha casts a spell at you. You resist with some effort.
The crimson imp hits you. The iron imp hits you.
Unknown command.
You hit Natasha but do no damage.
Natasha is almost dead.
Natasha claws you.
* * * LOW HITPOINT WARNING * * *
The crimson imp hits you.
You die...

#... . #... . +...
#.###.##...
#....[#<.#'
#.........
#......... #####.#
#......... #5bhK5#
#.........
#5########.........
#.#.....##........#
#.#.###.####'######
#.#.# #......#####
#.#.# #####..#...#
#...# #...#.#.#
##### #.....#.#
#.#####.#


You could see an iron imp (summoned), Natasha, a crimson imp (summoned), a white
imp (summoned) and a kobold.

Vanquished Creatures
  Jessica (D:2)
  Robin (D:1)
  3 adders
  2 dart slugs (D:1)
  2 leopard geckos (D:1)
  A giant cockroach (D:1)
  12 goblins (D:1)
  5 hobgoblins (D:1)
  2 jackals (D:1)
  2 bats
  A frilled lizard (D:1)
  2 kobolds
  5 rats (D:1)
39 creatures vanquished.

Vanquished Creatures (others)
  3 plants (D:1)
3 creatures vanquished.

Grand Total: 42 creatures vanquished

Notes
Turn   | Place    | Note
-------+----------+-------------------------------------------
     0 | D:1      | karrick the Gargoyle Gladiator began the quest for the Orb.
     0 | D:1      | Reached XP level 1. HP: 12/12 MP: 1/1
   139 | D:1      | Reached XP level 2. HP: 17/17 MP: 2/2
   829 | D:1      | Found a sparkling altar of Nemelex Xobeh.
   890 | D:1      | Reached skill level 1 in Armour
   890 | D:1      | Reached XP level 3. HP: 17/22 MP: 3/3
  1085 | D:2      | Noticed Jessica
  1085 | D:2      | Noticed Robin
  1394 | D:1      | Killed Robin
  1395 | D:1      | Reached XP level 4. HP: 22/27 MP: 4/4
  1418 | D:2      | Killed Jessica
  1493 | D:2      | Found a faded altar of an unknown god.
  1498 | D:2      | Reached skill level 4 in Maces & Flails
  1798 | D:2      | Noticed Natasha
  1812 | D:2      | Slain by a crimson imp

Illustrated notes

Levels and vault maps discovered:
D:1:      nzn_arrival_depleted_hourglass, layout_basic, serial_forest,
          infiniplex_forest_straight_2, infiniplex_forest_lined_room_2,
          infiniplex_forest_clump_medium, infiniplex_forest_end_2,
          infiniplex_forest_diagonal, infiniplex_forest_end_double,
          infiniplex_forest_join, infiniplex_forest_corner_2, roderic_lattice_a,
          nemelex_diamond_rough_becter
D:2:      layout_basic, chequers_ecumenical_altar_simple_redux, minivault_19,
          uniq_natasha, uniq_jessica, uniq_robin

Skill      XL: |  1  2  3  4 |
---------------+-------------+-----
Armour         | 1 |  1.8
Maces & Flails | 4 |  4.1
Fighting       | |  2.9
Throwing       | |  1.8
Dodging        | |  2.9
Stealth        | |  0.2

Action                   |  1- 3 |  4- 6 || total
-------------------------+-------+-------++-------
Melee: Flail             |   118 |    42 ||   160
       Unarmed           |       |     2 ||     2
Armor: Leather armour    |    50 |    24 ||    74
Dodge: Dodged            |   114 |    41 ||   155

Table legend: (Time is in decaauts)
 A = Elapsed time spent in this place.
 B = Non-inter-level travel time spent in this place.
 C = Inter-level travel time spent in this place.
 D = Time resting spent in this place.
 E = Time spent auto-exploring this place.
 F = Levels seen in this place.
 G = Mean time per level.
                   A        B        C        D        E       F      G
               +--------+--------+--------+--------+--------+-----+--------+
         Total |   1855 |   1803 |     52 |    206 |   1223 |   2 |  927.5 |
       Dungeon |   1855 |   1803 |     52 |    206 |   1223 |   2 |  927.5 |
               +--------+--------+--------+--------+--------+-----+--------+

Top non-repeatable levels by time:
     D:1: 1426 daAuts
     D:2: 428 daAuts
